Unix NetHack Version 3.7.0-65 Work-in-progress - last build Oct 3 2022 04:20:45 (938f679fcd32a3c70215a73001258fd12811ee3d,branch:master).

Game began 2022-10-06 16:09:14, ended 2022-10-09 10:34:49.

rustyspoon, chaotic female human Barbarian

  
unexplored area
unexplored area
unexplored area
unexplored area
unexplored area
unexplored area
unexplored area
unexplored area
unexplored area
unexplored area
unexplored area
unexplored area
unexplored area
unexplored area
unexplored area
unexplored area
unexplored area
unexplored area
unexplored area
unexplored area
unexplored area
unexplored area
unexplored area
unexplored area
unexplored area
unexplored area
unexplored area
unexplored area
unexplored area
unexplored area
unexplored area
unexplored area
unexplored area
unexplored area
unexplored area
unexplored area
unexplored area
unexplored area
unexplored area
unexplored area
unexplored area
unexplored area
unexplored area
unexplored area
unexplored area
unexplored area
unexplored area
unexplored area
unexplored area
unexplored area
unexplored area
unexplored area
unexplored area
unexplored area
unexplored area
unexplored area
unexplored area
unexplored area
unexplored area
unexplored area
unexplored area
unexplored area
unexplored area
unexplored area
unexplored area
unexplored area
unexplored area
unexplored area
unexplored area
unexplored area
unexplored area
unexplored area
unexplored area
unexplored area
unexplored area
unexplored area
unexplored area
unexplored area
unexplored area
unexplored area
unexplored area
unexplored area
unexplored area
unexplored area
unexplored area
unexplored area
unexplored area
unexplored area
unexplored area
unexplored area
unexplored area
unexplored area
unexplored area
unexplored area
unexplored area
unexplored area
unexplored area
unexplored area
unexplored area
unexplored area
unexplored area
unexplored area
unexplored area
unexplored area
unexplored area
unexplored area
unexplored area
wall
wall
wall
wall
wall
wall
wall
wall
wall
wall
wall
wall
wall
wall
unexplored area
unexplored area
unexplored area
unexplored area
unexplored area
unexplored area
unexplored area
unexplored area
unexplored area
unexplored area
unexplored area
unexplored area
unexplored area
unexplored area
unexplored area
unexplored area
unexplored area
unexplored area
unexplored area
unexplored area
unexplored area
unexplored area
unexplored area
unexplored area
unexplored area
unexplored area
unexplored area
unexplored area
unexplored area
unexplored area
unexplored area
unexplored area
unexplored area
unexplored area
unexplored area
unexplored area
unexplored area
unexplored area
unexplored area
unexplored area
unexplored area
unexplored area
unexplored area
unexplored area
unexplored area
unexplored area
unexplored area
unexplored area
unexplored area
unexplored area
unexplored area
unexplored area
unexplored area
unexplored area
unexplored area
unexplored area
unexplored area
unexplored area
unexplored area
unexplored area
unexplored area
unexplored area
unexplored area
unexplored area
.dark part of a room
.dark part of a room
.dark part of a room
.dark part of a room
.dark part of a room
.dark part of a room
.dark part of a room
.dark part of a room
.dark part of a room
.dark part of a room
.dark part of a room
.dark part of a room
.dark part of a room
.dark part of a room
.dark part of a room
unexplored area
unexplored area
unexplored area
unexplored area
unexplored area
unexplored area
unexplored area
unexplored area
unexplored area
unexplored area
unexplored area
unexplored area
unexplored area
unexplored area
unexplored area
unexplored area
unexplored area
unexplored area
unexplored area
unexplored area
unexplored area
unexplored area
unexplored area
unexplored area
unexplored area
unexplored area
unexplored area
unexplored area
unexplored area
unexplored area
unexplored area
unexplored area
unexplored area
unexplored area
unexplored area
unexplored area
unexplored area
unexplored area
unexplored area
unexplored area
unexplored area
unexplored area
unexplored area
unexplored area
unexplored area
unexplored area
unexplored area
unexplored area
unexplored area
unexplored area
unexplored area
unexplored area
unexplored area
unexplored area
unexplored area
unexplored area
unexplored area
unexplored area
unexplored area
unexplored area
unexplored area
unexplored area
unexplored area
.dark part of a room
.dark part of a room
.dark part of a room
.dark part of a room
.dark part of a room
.dark part of a room
.dark part of a room
.dark part of a room
.dark part of a room
wall
wall
wall
wall
.broken door
wall
wall
wall
unexplored area
unexplored area
unexplored area
unexplored area
unexplored area
unexplored area
unexplored area
unexplored area
unexplored area
unexplored area
unexplored area
unexplored area
unexplored area
unexplored area
unexplored area
unexplored area
unexplored area
unexplored area
unexplored area
unexplored area
unexplored area
unexplored area
unexplored area
unexplored area
unexplored area
unexplored area
unexplored area
unexplored area
unexplored area
unexplored area
unexplored area
unexplored area
unexplored area
unexplored area
unexplored area
unexplored area
unexplored area
unexplored area
unexplored area
unexplored area
unexplored area
unexplored area
unexplored area
unexplored area
unexplored area
unexplored area
unexplored area
unexplored area
unexplored area
unexplored area
unexplored area
unexplored area
unexplored area
unexplored area
unexplored area
unexplored area
unexplored area
unexplored area
unexplored area
unexplored area
unexplored area
.dark part of a room
.dark part of a room
.dark part of a room
.dark part of a room
.dark part of a room
.dark part of a room
%a fire giant corpse
.dark part of a room
.dark part of a room
wall
wall
.dark part of a room
.dark part of a room
.dark part of a room
.dark part of a room
.dark part of a room
.dark part of a room
.dark part of a room
unexplored area
unexplored area
unexplored area
unexplored area
unexplored area
unexplored area
unexplored area
unexplored area
unexplored area
unexplored area
unexplored area
unexplored area
unexplored area
unexplored area
unexplored area
unexplored area
unexplored area
unexplored area
unexplored area
unexplored area
unexplored area
unexplored area
unexplored area
unexplored area
unexplored area
unexplored area
unexplored area
unexplored area
unexplored area
unexplored area
unexplored area
unexplored area
unexplored area
unexplored area
unexplored area
unexplored area
unexplored area
unexplored area
unexplored area
unexplored area
unexplored area
unexplored area
unexplored area
unexplored area
unexplored area
unexplored area
unexplored area
unexplored area
unexplored area
unexplored area
unexplored area
unexplored area
unexplored area
unexplored area
unexplored area
unexplored area
unexplored area
unexplored area
unexplored area
unexplored area
.dark part of a room
.dark part of a room
.dark part of a room
.dark part of a room
.dark part of a room
.dark part of a room
.dark part of a room
.dark part of a room
.dark part of a room
wall
wall
.dark part of a room
.dark part of a room
.dark part of a room
.dark part of a room
.dark part of a room
.dark part of a room
.dark part of a room
.dark part of a room
unexplored area
unexplored area
unexplored area
unexplored area
unexplored area
unexplored area
unexplored area
unexplored area
unexplored area
unexplored area
unexplored area
unexplored area
unexplored area
unexplored area
unexplored area
unexplored area
unexplored area
unexplored area
unexplored area
unexplored area
unexplored area
unexplored area
unexplored area
unexplored area
unexplored area
unexplored area
unexplored area
unexplored area
unexplored area
unexplored area
unexplored area
unexplored area
unexplored area
unexplored area
unexplored area
unexplored area
unexplored area
unexplored area
unexplored area
unexplored area
unexplored area
unexplored area
unexplored area
unexplored area
unexplored area
unexplored area
unexplored area
unexplored area
wall
wall
wall
wall
wall
unexplored area
unexplored area
unexplored area
unexplored area
unexplored area
unexplored area
.dark part of a room
.dark part of a room
.dark part of a room
.dark part of a room
.dark part of a room
.dark part of a room
.dark part of a room
.dark part of a room
.dark part of a room
.dark part of a room
wall
unexplored area
.dark part of a room
.dark part of a room
.dark part of a room
.dark part of a room
%Pestilence's corpse
.dark part of a room
.dark part of a room
.dark part of a room
unexplored area
unexplored area
unexplored area
unexplored area
unexplored area
unexplored area
unexplored area
unexplored area
unexplored area
unexplored area
unexplored area
unexplored area
unexplored area
unexplored area
unexplored area
unexplored area
unexplored area
unexplored area
unexplored area
unexplored area
unexplored area
unexplored area
unexplored area
unexplored area
unexplored area
unexplored area
unexplored area
unexplored area
unexplored area
unexplored area
unexplored area
unexplored area
unexplored area
unexplored area
unexplored area
unexplored area
unexplored area
unexplored area
unexplored area
unexplored area
unexplored area
unexplored area
unexplored area
unexplored area
unexplored area
unexplored area
unexplored area
unexplored area
unexplored area
.dark part of a room
.dark part of a room
.dark part of a room
wall
unexplored area
unexplored area
unexplored area
unexplored area
unexplored area
unexplored area
wall
.dark part of a room
.dark part of a room
.dark part of a room
wall
wall
wall
wall
wall
wall
wall
unexplored area
.dark part of a room
.dark part of a room
.dark part of a room
.dark part of a room
.dark part of a room
.dark part of a room
.dark part of a room
.dark part of a room
unexplored area
unexplored area
unexplored area
unexplored area
unexplored area
unexplored area
unexplored area
unexplored area
unexplored area
unexplored area
unexplored area
unexplored area
unexplored area
unexplored area
unexplored area
unexplored area
unexplored area
unexplored area
unexplored area
unexplored area
unexplored area
unexplored area
unexplored area
unexplored area
unexplored area
unexplored area
unexplored area
unexplored area
unexplored area
unexplored area
unexplored area
unexplored area
unexplored area
unexplored area
unexplored area
unexplored area
unexplored area
unexplored area
unexplored area
unexplored area
unexplored area
wall
wall
wall
wall
wall
wall
wall
wall
wall
.dark part of a room
.dark part of a room
wall
wall
unexplored area
unexplored area
unexplored area
wall
wall
wall
wall
.broken door
wall
wall
wall
unexplored area
unexplored area
unexplored area
unexplored area
unexplored area
unexplored area
unexplored area
.dark part of a room
.dark part of a room
.dark part of a room
.dark part of a room
.dark part of a room
.dark part of a room
.dark part of a room
unexplored area
unexplored area
unexplored area
unexplored area
unexplored area
unexplored area
unexplored area
unexplored area
unexplored area
unexplored area
unexplored area
unexplored area
unexplored area
unexplored area
unexplored area
unexplored area
unexplored area
unexplored area
unexplored area
unexplored area
unexplored area
unexplored area
unexplored area
unexplored area
unexplored area
unexplored area
unexplored area
unexplored area
unexplored area
unexplored area
unexplored area
unexplored area
unexplored area
unexplored area
unexplored area
unexplored area
unexplored area
unexplored area
unexplored area
unexplored area
unexplored area
wall
.dark part of a room
.dark part of a room
.dark part of a room
.dark part of a room
.dark part of a room
.dark part of a room
.dark part of a room
wall
.dark part of a room
.dark part of a room
.dark part of a room
wall
wall
unexplored area
wall
wall
.dark part of a room
.dark part of a room
.dark part of a room
.dark part of a room
.dark part of a room
.dark part of a room
.dark part of a room
unexplored area
unexplored area
unexplored area
unexplored area
unexplored area
wall
wall
wall
wall
wall
%a priestess corpse
wall
wall
wall
wall
wall
unexplored area
unexplored area
unexplored area
unexplored area
unexplored area
unexplored area
unexplored area
unexplored area
unexplored area
unexplored area
unexplored area
unexplored area
unexplored area
unexplored area
unexplored area
unexplored area
unexplored area
unexplored area
unexplored area
unexplored area
unexplored area
unexplored area
unexplored area
unexplored area
unexplored area
unexplored area
unexplored area
unexplored area
unexplored area
unexplored area
unexplored area
unexplored area
unexplored area
unexplored area
unexplored area
unexplored area
unexplored area
unexplored area
unexplored area
wall
.dark part of a room
.dark part of a room
.dark part of a room
.dark part of a room
.dark part of a room
.dark part of a room
.dark part of a room
wall
.dark part of a room
.dark part of a room
.dark part of a room
.dark part of a room
wall
wall
wall
%a giant beetle corpse
.dark part of a room
.dark part of a room
%a priestess corpse
.dark part of a room
%a fire giant corpse
.dark part of a room
.dark part of a room
unexplored area
unexplored area
unexplored area
wall
wall
wall
.dark part of a room
.dark part of a room
.dark part of a room
.dark part of a room
Arenegade Angel of Set
.dark part of a room
.dark part of a room
.dark part of a room
.dark part of a room
wall
wall
wall
unexplored area
unexplored area
unexplored area
unexplored area
unexplored area
unexplored area
unexplored area
unexplored area
unexplored area
unexplored area
unexplored area
unexplored area
unexplored area
unexplored area
unexplored area
unexplored area
unexplored area
unexplored area
unexplored area
unexplored area
unexplored area
unexplored area
unexplored area
unexplored area
unexplored area
unexplored area
unexplored area
unexplored area
unexplored area
unexplored area
unexplored area
unexplored area
unexplored area
unexplored area
unexplored area
unexplored area
unexplored area
wall
.dark part of a room
.dark part of a room
.dark part of a room
_aligned high altar
.dark part of a room
.dark part of a room
.dark part of a room
-open door
.dark part of a room
.dark part of a room
.dark part of a room
.dark part of a room
%a killer bee corpse
-open door
.dark part of a room
.dark part of a room
%a killer bee corpse
%a giant beetle corpse
%a giant beetle corpse
.dark part of a room
.dark part of a room
.dark part of a room
unexplored area
unexplored area
unexplored area
unexplored area
wall
.dark part of a room
.dark part of a room
.dark part of a room
.dark part of a room
.dark part of a room
.dark part of a room
.floor of a room
.dark part of a room
.dark part of a room
.dark part of a room
.dark part of a room
.dark part of a room
.dark part of a room
wall
unexplored area
unexplored area
unexplored area
unexplored area
unexplored area
unexplored area
unexplored area
unexplored area
unexplored area
unexplored area
unexplored area
unexplored area
unexplored area
unexplored area
unexplored area
unexplored area
unexplored area
unexplored area
unexplored area
unexplored area
unexplored area
unexplored area
unexplored area
unexplored area
unexplored area
unexplored area
unexplored area
unexplored area
unexplored area
unexplored area
unexplored area
unexplored area
unexplored area
unexplored area
unexplored area
unexplored area
unexplored area
wall
.dark part of a room
.dark part of a room
.dark part of a room
.dark part of a room
.dark part of a room
.dark part of a room
.dark part of a room
wall
.dark part of a room
%a giant ant corpse
.dark part of a room
.dark part of a room
wall
wall
wall
%a giant beetle corpse
.dark part of a room
.dark part of a room
.dark part of a room
.dark part of a room
.dark part of a room
unexplored area
unexplored area
unexplored area
unexplored area
unexplored area
wall
.dark part of a room
unexplored area
wall
wall
wall
wall
.doorway
wall
wall
wall
wall
unexplored area
.dark part of a room
wall
unexplored area
unexplored area
unexplored area
unexplored area
unexplored area
unexplored area
unexplored area
unexplored area
unexplored area
unexplored area
unexplored area
unexplored area
unexplored area
unexplored area
unexplored area
unexplored area
unexplored area
unexplored area
unexplored area
unexplored area
unexplored area
unexplored area
unexplored area
unexplored area
unexplored area
unexplored area
unexplored area
unexplored area
unexplored area
unexplored area
unexplored area
unexplored area
unexplored area
unexplored area
unexplored area
unexplored area
unexplored area
wall
.dark part of a room
.dark part of a room
.dark part of a room
.dark part of a room
.dark part of a room
.dark part of a room
.dark part of a room
wall
.dark part of a room
.dark part of a room
.dark part of a room
wall
wall
unexplored area
wall
wall
.dark part of a room
.dark part of a room
.dark part of a room
unexplored area
unexplored area
unexplored area
unexplored area
unexplored area
unexplored area
unexplored area
wall
unexplored area
unexplored area
wall
.floor of a room
.floor of a room
.floor of a room
.floor of a room
@knight called Yitzhak the Seignieur
.floor of a room
.floor of a room
wall
unexplored area
unexplored area
wall
unexplored area
unexplored area
unexplored area
unexplored area
unexplored area
unexplored area
unexplored area
unexplored area
unexplored area
unexplored area
unexplored area
unexplored area
unexplored area
unexplored area
unexplored area
unexplored area
unexplored area
unexplored area
unexplored area
unexplored area
unexplored area
unexplored area
unexplored area
unexplored area
unexplored area
unexplored area
unexplored area
unexplored area
unexplored area
unexplored area
unexplored area
unexplored area
unexplored area
unexplored area
unexplored area
unexplored area
unexplored area
wall
wall
wall
wall
wall
wall
wall
wall
wall
.dark part of a room
.dark part of a room
wall
wall
unexplored area
unexplored area
unexplored area
wall
wall
wall
unexplored area
unexplored area
unexplored area
unexplored area
unexplored area
unexplored area
unexplored area
unexplored area
unexplored area
unexplored area
unexplored area
wall
.floor of a room
.floor of a room
.floor of a room
.floor of a room
.floor of a room
.floor of a room
.floor of a room
wall
unexplored area
unexplored area
unexplored area
unexplored area
unexplored area
unexplored area
unexplored area
unexplored area
unexplored area
unexplored area
unexplored area
unexplored area
unexplored area
unexplored area
unexplored area
unexplored area
unexplored area
unexplored area
unexplored area
unexplored area
unexplored area
unexplored area
unexplored area
unexplored area
unexplored area
unexplored area
unexplored area
unexplored area
unexplored area
unexplored area
unexplored area
unexplored area
unexplored area
unexplored area
unexplored area
unexplored area
unexplored area
unexplored area
unexplored area
unexplored area
unexplored area
unexplored area
unexplored area
unexplored area
unexplored area
unexplored area
.dark part of a room
.dark part of a room
.dark part of a room
.dark part of a room
.dark part of a room
wall
unexplored area
unexplored area
unexplored area
unexplored area
unexplored area
unexplored area
unexplored area
unexplored area
unexplored area
unexplored area
unexplored area
unexplored area
unexplored area
unexplored area
unexplored area
unexplored area
unexplored area
unexplored area
wall
.floor of a room
.floor of a room
.floor of a room
@invisible human barbarian called rustyspoon
.floor of a room
.floor of a room
.floor of a room
wall
unexplored area
unexplored area
unexplored area
unexplored area
unexplored area
unexplored area
unexplored area
unexplored area
unexplored area
unexplored area
unexplored area
unexplored area
unexplored area
unexplored area
unexplored area
unexplored area
unexplored area
unexplored area
unexplored area
unexplored area
unexplored area
unexplored area
unexplored area
unexplored area
unexplored area
unexplored area
unexplored area
unexplored area
unexplored area
unexplored area
unexplored area
unexplored area
unexplored area
unexplored area
unexplored area
unexplored area
unexplored area
unexplored area
unexplored area
unexplored area
unexplored area
unexplored area
unexplored area
unexplored area
unexplored area
wall
wall
wall
wall
wall
wall
wall
unexplored area
unexplored area
unexplored area
unexplored area
unexplored area
unexplored area
unexplored area
unexplored area
unexplored area
unexplored area
unexplored area
unexplored area
unexplored area
unexplored area
unexplored area
unexplored area
unexplored area
unexplored area
wall
.floor of a room
.floor of a room
.floor of a room
@peaceful high priestess of Set
.floor of a room
.floor of a room
.floor of a room
wall
unexplored area
unexplored area
unexplored area
unexplored area
unexplored area
unexplored area
unexplored area
unexplored area
unexplored area
unexplored area
unexplored area
unexplored area
unexplored area
unexplored area
unexplored area
unexplored area
unexplored area
unexplored area
unexplored area
unexplored area
unexplored area
unexplored area
unexplored area
unexplored area
unexplored area
unexplored area
unexplored area
unexplored area
unexplored area
unexplored area
unexplored area
unexplored area
unexplored area
unexplored area
unexplored area
unexplored area
unexplored area
unexplored area
unexplored area
unexplored area
unexplored area
unexplored area
unexplored area
unexplored area
unexplored area
unexplored area
unexplored area
unexplored area
unexplored area
unexplored area
unexplored area
unexplored area
unexplored area
unexplored area
unexplored area
unexplored area
unexplored area
unexplored area
unexplored area
unexplored area
unexplored area
unexplored area
unexplored area
unexplored area
unexplored area
unexplored area
unexplored area
unexplored area
unexplored area
unexplored area
wall
.floor of a room
.floor of a room
.floor of a room
.floor of a room
.floor of a room
.floor of a room
.floor of a room
wall
unexplored area
unexplored area
unexplored area
unexplored area
unexplored area
unexplored area
unexplored area
unexplored area
unexplored area
unexplored area
unexplored area
unexplored area
unexplored area
unexplored area
unexplored area
unexplored area
unexplored area
unexplored area
unexplored area
unexplored area
unexplored area
unexplored area
unexplored area
unexplored area
unexplored area
unexplored area
unexplored area
unexplored area
unexplored area
unexplored area
unexplored area
unexplored area
unexplored area
unexplored area
unexplored area
unexplored area
unexplored area
unexplored area
unexplored area
unexplored area
unexplored area
unexplored area
unexplored area
unexplored area
unexplored area
unexplored area
unexplored area
unexplored area
unexplored area
unexplored area
unexplored area
unexplored area
unexplored area
unexplored area
unexplored area
unexplored area
unexplored area
unexplored area
unexplored area
unexplored area
unexplored area
unexplored area
unexplored area
unexplored area
unexplored area
unexplored area
unexplored area
unexplored area
unexplored area
unexplored area
wall
wall
wall
wall
wall
wall
wall
wall
wall
unexplored area
unexplored area
unexplored area
unexplored area
unexplored area
unexplored area
unexplored area
unexplored area
unexplored area
unexplored area
unexplored area
unexplored area
unexplored area
unexplored area
unexplored area
unexplored area
unexplored area
unexplored area
unexplored area
unexplored area
unexplored area
unexplored area
unexplored area
unexplored area
unexplored area
unexplored area
unexplored area
unexplored area
unexplored area
unexplored area
unexplored area
unexplored area
unexplored area
unexplored area
unexplored area
unexplored area
unexplored area
unexplored area
unexplored area
unexplored area
unexplored area
unexplored area
unexplored area
unexplored area
unexplored area
unexplored area
unexplored area
unexplored area
unexplored area
unexplored area
unexplored area
unexplored area
unexplored area
unexplored area
unexplored area
unexplored area
unexplored area
unexplored area
unexplored area
unexplored area
unexplored area
unexplored area
unexplored area
unexplored area
unexplored area
unexplored area
unexplored area
unexplored area
unexplored area
unexplored area
unexplored area
unexplored area
unexplored area
unexplored area
unexplored area
unexplored area
unexplored area
unexplored area
unexplored area
unexplored area
unexplored area
unexplored area
unexplored area
unexplored area
unexplored area
unexplored area
unexplored area
unexplored area
unexplored area
unexplored area
unexplored area
unexplored area
unexplored area
unexplored area
unexplored area
unexplored area
unexplored area
unexplored area
unexplored area
unexplored area
unexplored area
unexplored area
unexplored area
unexplored area
unexplored area
unexplored area
unexplored area
unexplored area
unexplored area
unexplored area
unexplored area
unexplored area
unexplored area
unexplored area
unexplored area
unexplored area
unexplored area
unexplored area
unexplored area
unexplored area
unexplored area
unexplored area
unexplored area
unexplored area
unexplored area
unexplored area
unexplored area
unexplored area
unexplored area
unexplored area
unexplored area
unexplored area
unexplored area
unexplored area
unexplored area
unexplored area
unexplored area
unexplored area
unexplored area
unexplored area
unexplored area
unexplored area
unexplored area
unexplored area
unexplored area
unexplored area
unexplored area
unexplored area
unexplored area
unexplored area
unexplored area
unexplored area
unexplored area
unexplored area
unexplored area
unexplored area
unexplored area
unexplored area
unexplored area
unexplored area
unexplored area
unexplored area
unexplored area
unexplored area
unexplored area
unexplored area
unexplored area
unexplored area
unexplored area
unexplored area
unexplored area
unexplored area
unexplored area
unexplored area
unexplored area
unexplored area
unexplored area
unexplored area
unexplored area
unexplored area
unexplored area
unexplored area
unexplored area
unexplored area
unexplored area
unexplored area
unexplored area
unexplored area
unexplored area
unexplored area
unexplored area
unexplored area
unexplored area
[Rustyspoon the Raider ] St:25 Dx:17 Co:18 In:14 Wi:17 Ch:10 Chaotic Astral Plane $:0 HP:353(467) Pw:26(26) AC:-38 Xp:17 T:40313 Satiated

Latest messages:

You yawn.
The renegade Angel of Set wields a long sword!
The priest of Set zaps a wand of magic missile!
The magic missile whizzes by you!
The magic missile misses the Angel of Crom.
The magic missile bounces!
You hear a mumbled curse.
R - a wand of death.
The killer bee misses!
Yitzhak the Seignieur zaps a wand of striking!
Boing!
The wand hits the giant ant!
The giant ant is killed!
The Angel of Crom wields a long sword!
The Angel of Mitra swings his long sword at the soldier ant.
The Angel of Mitra hits the soldier ant.
The Angel of Mitra swings his long sword at the soldier ant.
The Angel of Mitra hits the soldier ant.
The soldier ant is killed!
The priestess of Crom wields a mace!
You hear a chugging sound.
Pick an object.
What do you want to zap? [pzHIP-RX or ?*]
In what direction?
The invisible priestess of Crom vanishes!
The Angel of Mitra vanishes!
The killer bee misses!
Yitzhak the Seignieur drinks a potion of speed!
Yitzhak the Seignieur is suddenly moving faster.
"Repent, and thou shalt be saved!"
Yitzhak the Seignieur zaps a wand of striking!
Boing!
The wand misses the killer bee.
The wand misses it.
The Angel of Mitra zaps you with a magic missile!
The magic missile hits you!
But it reflects from your medallion!
The high priestess intones:
"Pilgrim, you enter a sacred place!"
Yitzhak the Seignieur wields a greased long sword named Frost Brand!
You hear a mumbled curse.
Yitzhak the Seignieur turns to flee.
There is a high altar to Set (chaotic) here.
What do you want to sacrifice? [q or ?*]
You offer the Amulet of Yendor to Set...
An invisible choir sings, and you are bathed in radiance...
The voice of Set booms out: "Mortal, thou hast done well!"
"In return for thy service, I grant thee the gift of Immortality!"
You ascend to the status of Demigoddess...
Do you want your possessions identified? [ynq] (y)

Inventory:

Amulets

y - a cursed amulet of reflection (being worn)

Weapons

w - a blessed +7 silver saber (alternate weapon; not wielded)

Armor

A - a blessed greased fireproof +5 T-shirt with text "Minetown Watch" (being worn)
B - an uncursed greased +4 gray dragon scale mail (being worn)
C - a blessed greased +4 robe (being worn)
D - a blessed +4 pair of speed boots (being worn)
E - a blessed greased rustproof +4 pair of gauntlets of power (being worn)
F - an uncursed greased rustproof +4 helm of brilliance (being worn)

Comestibles

L - an uncursed lizard corpse named KFC
O - an uncursed partly eaten food ration

Scrolls

M - an uncursed scroll of confuse monster

Rings

h - a blessed ring of free action (on right hand)
K - a blessed ring of conflict (on left hand)

Wands

p - an uncursed wand of death (1:4)
z - an uncursed wand of digging (0:4)
H - an uncursed wand of death (0:4)
I - an uncursed wand of teleportation (1:0)
P - an uncursed wand of death (0:7)
Q - an uncursed wand of teleportation (0:1)
R - an uncursed wand of death (0:6)
X - an uncursed wand of teleportation (0:2)

Tools

b - a blessed greased bag of holding containing 114 items
e - a blessed stethoscope
f - the cursed Bell of Opening (0:0)
i - an uncursed bugle
k - an uncursed skeleton key
s - an uncursed sack named cancellation containing 5 items
t - a blessed towel
u - a blessed +0 unicorn horn
v - an uncursed magic lamp (lit)
N - an uncursed can of grease (0:18)

Gems/Stones

x - the blessed Heart of Ahriman

Contents of the bag of holding:

an uncursed amulet of life saving
an uncursed amulet of magical breathing
an uncursed +0 bullwhip
an uncursed -1 helm of opposite alignment
an uncursed +0 pair of water walking boots
an uncursed +0 oilskin cloak
5 uncursed food rations
an uncursed lizard corpse named MCD
2 blessed scrolls of scare monster
2 blessed scrolls of scare monster
4 blessed scrolls of blank paper
19 uncursed scrolls of blank paper
a blessed scroll of charging
2 uncursed scrolls of confuse monster
an uncursed scroll of create monster
a cursed scroll of create monster
2 blessed scrolls of enchant armor
an uncursed scroll of enchant armor
7 uncursed scrolls of enchant weapon
a blessed scroll of fire
6 uncursed scrolls of fire
4 uncursed scrolls of food detection
an uncursed scroll of gold detection
2 blessed scrolls of identify
3 uncursed scrolls of identify
a blessed scroll of remove curse
5 uncursed scrolls of remove curse
7 uncursed scrolls of taming
an uncursed scroll of teleportation
an uncursed diluted potion of extra healing
4 blessed diluted potions of full healing
an uncursed diluted potion of full healing
an uncursed diluted potion of full healing
2 blessed potions of levitation
a blessed potion of paralysis
4 uncursed potions of paralysis
an uncursed potion of restore ability
16 potions of holy water
5 potions of unholy water
an uncursed ring of conflict
an uncursed ring of conflict
a blessed ring of free action
an uncursed ring of free action
an uncursed ring of hunger
a blessed ring of levitation
an uncursed ring of levitation
an uncursed ring of levitation
an uncursed ring of regeneration
an uncursed ring of regeneration
an uncursed ring of shock resistance
an uncursed ring of shock resistance
an uncursed ring of shock resistance
an uncursed ring of slow digestion
a blessed ring of teleport control
an uncursed ring of teleport control
an uncursed ring of teleport control
an uncursed wand of cold (0:5)
an uncursed wand of cold (0:8)
an uncursed wand of cold (0:4)
an uncursed wand of cold (0:6)
an uncursed wand of cold (0:7)
an uncursed wand of digging (0:2)
an uncursed wand of digging (0:8)
an uncursed wand of digging (0:6)
an uncursed wand of digging (0:4)
an uncursed wand of digging (0:6)
an uncursed wand of digging (0:5)
an uncursed wand of digging (0:1)
an uncursed wand of digging (0:5)
an uncursed wand of digging (0:7)
an uncursed wand of digging (0:0)
an uncursed wand of digging (0:4)
an uncursed wand of digging named emptyish? (0:0)
an uncursed wand of fire (0:5)
an uncursed wand of fire (0:8)
an uncursed wand of fire (0:6)
an uncursed wand of fire (0:4)
an uncursed wand of fire (0:4)
an uncursed wand of fire (1:1)
an uncursed wand of light (0:13)
an uncursed wand of light (0:12)
an uncursed wand of light (0:15)
an uncursed wand of light (0:11)
an uncursed wand of light (0:11)
an uncursed wand of light (0:11)
an uncursed wand of lightning (0:5)
an uncursed wand of lightning (0:4)
an uncursed wand of lightning (0:5)
an uncursed wand of lightning (0:2)
an uncursed wand of lightning (0:3)
an uncursed wand of lightning (0:6)
an uncursed wand of lightning (0:3)
an uncursed wand of sleep (0:5)
an uncursed wand of sleep (0:1)
an uncursed wand of sleep (0:4)
an uncursed wand of sleep (0:4)
an uncursed wand of sleep (0:8)
an uncursed wand of speed monster (0:3)
an uncursed wand of speed monster (0:8)
an uncursed wand of speed monster (0:3)
an uncursed wand of striking (0:2)
an uncursed wand of striking (0:0)
an uncursed wand of teleportation (0:6)
an uncursed wand of teleportation (0:6)
an uncursed wand of teleportation (0:4)
an uncursed wand of teleportation (0:4)
an uncursed wand of teleportation (0:7)
an uncursed wand of teleportation (0:3)
an uncursed wand of wishing (0:1)
a blessed magic marker (0:9)
an uncursed magic marker (0:35)
an uncursed oil lamp
an uncursed +0 pick-axe
2 uncursed amethyst stones

Contents of the sack named cancellation:

an uncursed wand of cancellation (0:6)
an uncursed wand of cancellation (1:1)
an uncursed wand of cancellation (0:2)
a cursed wand of cancellation (0:5)
an uncursed wand of cancellation (0:5)

Rustyspoon the Barbarian's attributes:


Background:

You were a Raider, a level 17 female human Barbarian.
You were chaotic, on a mission for Set
who was opposed by Mitra (lawful) and Crom (neutral).
You were in the endgame, on the Astral Plane.
You entered the dungeon 40313 turns ago.
There was a full moon in effect when your adventure ended.
You had 764422 experience points, 515578 more were needed to attain level 18.

Basics:

You had 353 out of 467 hit points.
You had all 26 energy points (spell power).
Your armor class was -38.
Your wallet was empty.
Autopickup was off.

Final Characteristics:

Your strength was 25 (base:18/35, innate limit:18/100).
Your dexterity was 17 (peak:18, limit:18).
Your constitution was 18 (limit:18).
Your intelligence was 14 (base:10, limit:18).
Your wisdom was 17 (base:13, limit:18).
Your charisma was 10 (limit:18).

Final Status:

You were satiated.
You were unencumbered.
You were empty handed.
You had basic skill with bare handed combat.

Final Attributes:

You were the Glory of Arioch.
You were piously aligned.
You were magic-protected.
You were fire resistant.
You were cold resistant.
You were sleep resistant.
You were disintegration resistant.
You were shock resistant.
You were poison resistant.
You saw invisible.
You were telepathic.
You were invisible to others.
You were stealthy.
You caused conflict.
You had a moderate defense bonus (+9).
You were guarded.
You were very fast.
You had reflection.
You had free action.
You were extremely lucky.
You had extra luck.
Good luck did not time out for you.
You survived.

Miscellaneous:
You encountered 2 bones levels.
Total elapsed playing time was 5 hours, 16 minutes and 33 seconds.

Major events:

Turn

1: rustyspoon the chaotic female human Barbarian entered the dungeon
796: attained the rank of Pillager (level 3)
1013: entered the Gnomish Mines
2898: attained the rank of Bandit (level 6)
7664: entered the Bigroom
7687: entered Sokoban
10382: completed 1st Sokoban level
10817: completed 2nd Sokoban level
11032: completed 3rd Sokoban level
11858: completed 4th Sokoban level
12734: acquired the Sokoban amulet of reflection
13093: attained the rank of Brigand (level 10)
14738: was bestowed with Cleaver by Set
14911: destroyed Gandelf's ghost, the former Initiate
16428: was bestowed with Sting by Set
16525: was bestowed with Stormbringer by Set
17220: acquired the Mines' End luckstone
19282: was chosen to steal souls for the Glory of Set
22941: attained the rank of Raider (level 14)
25158: made her first wish - "blessed greased +2 gray dragon scale mail", got "a greased gray dragon scale mail"
26709: found the Heart of Ahriman on the floor
26738: killed Thoth Amon
26740: acquired the Bell of Opening
27573: destroyed Cloudmillion's ghost, the former Student of Stones
30966: killed Medusa
32219: entered Gehennom
33002: wished for "blessed greased fixed +2 t-shirt", got "a greased T-shirt"
33022: wished for "blessed greased fixed +2 gauntlets of power", got "a greased pair of padded gloves"
33310: bribed Asmodeus with 90 zorkmids for safe passage
34153: killed Juiblex
34485: bribed Baalzebub with 38 zorkmids for safe passage
34991: killed the invisible Demogorgon
34996: killed Orcus
36555: destroyed Vlad the Impaler
36566: acquired the Candelabrum of Invocation
37378: killed the invisible Yeenoghu
38049: killed the invisible Wizard of Yendor
38053: acquired the Book of the Dead
38577: performed the invocation
38735: killed the high priestess of Moloch
38737: acquired The Amulet of Yendor
39691: killed the Wizard of Yendor (2nd time)
39809: entered the Elemental Planes
39809: entered Plane of Earth
39810: killed the Wizard of Yendor (3rd time)
39893: entered Plane of Air
39941: entered Plane of Fire
39957: entered Plane of Water
40240: entered the Astral Plane
40256: killed Famine
40286: killed Famine (2nd time)
40305: killed Pestilence
40312: found Frost Brand carried by a monster
40313: ascended

Vanquished creatures:

Demogorgon
Orcus
Yeenoghu
Juiblex
the Wizard of Yendor (4 times)
Pestilence
Famine (twice)
Vlad the Impaler
an arch-lich
a high cleric
a mastodon
Medusa
9 krakens
3 iron golems
2 master liches
5 storm giants
2 titans
a glass golem
2 balrogs
Thoth Amon
4 purple worms
a gray dragon
a gold dragon
4 silver dragons
a red dragon
3 white dragons
a black dragon
a green dragon
a yellow dragon
13 minotaurs
2 baluchitheria
3 demiliches
a stone golem
a master mind flayer
3 Olog-hai
5 pit fiends
2 sandestins
a hell hound
2 displacer beasts
2 titanotheres
2 trappers
a guardian naga
3 genetic engineers
3 disenchanters
22 vampire leaders
4 skeletons
13 aligned clerics
3 captains
5 shades
10 liches
2 clay golems
4 nurses
4 ice devils
2 nalfeshnees
2 lurkers above
2 Aleaxes
2 ettins
2 golden nagas
7 black puddings
23 vampires
3 lieutenants
31 ghosts
3 queen bees
4 winged gargoyles
3 giant mimics
a long worm
4 zruties
10 fire giants
6 ogre tyrants
3 ice trolls
34 rock trolls
4 umber hulks
3 flesh golems
3 elven monarchs
a doppelganger
2 hezrous
6 bone devils
5 large mimics
a wumpus
a fire vortex
4 couatls
11 stalkers
3 air elementals
3 fire elementals
2 earth elementals
11 water elementals
8 hill giants
3 giant mummies
2 black nagas
11 xorns
9 giant zombies
6 elf-nobles
13 sergeants
a water demon
9 barbed devils
8 vrocks
3 salamanders
7 wargs
4 winter wolves
4 hell hound pups
9 small mimics
2 glass piercers
4 warhorses
4 steam vortices
8 xans
2 ettin mummies
7 ogre leaders
5 quantum mechanics
27 trolls
a sasquatch
3 wood golems
3 erinyes
7 mariliths
8 sharks
5 electric eels
6 gelatinous cubes
2 pyrolisks
a freezing sphere
2 shocking spheres
3 large cats
3 tigers
3 gargoyles
a dwarf ruler
7 tengu
4 ochre jellies
5 leocrottas
5 energy vortices
2 mountain centaurs
5 stone giants
6 elf mummies
3 human mummies
6 red nagas
2 green slimes
3 pythons
7 pit vipers
3 cobras
49 wraiths
5 carnivorous apes
13 ettin zombies
a leather golem
3 Grey-elves
37 soldiers
3 amorous demons
5 horned devils
5 chameleons
a crocodile
14 giant beetles
2 quivering blobs
24 cockatrices
11 wolves
15 winter wolf cubs
a lynx
6 gremlins
19 leprechauns
11 orc-captains
3 iron piercers
2 mumakil
11 giant spiders
2 scorpions
5 horses
an ice vortex
4 black lights
5 vampire bats
8 gnome rulers
2 orc mummies
6 dwarf mummies
49 ogres
12 brown puddings
5 rust monsters
5 owlbears
8 yetis
a gold golem
4 werewolves
2 Green-elves
5 piranha
19 giant eels
14 lizards
6 chickatrices
2 dingoes
3 dogs
2 housecats
4 jaguars
4 dwarf leaders
a blue jelly
2 white unicorns
4 gray unicorns
5 dust vortices
31 ravens
2 plains centaurs
3 gnome mummies
5 snakes
10 apes
22 human zombies
6 rope golems
7 Woodland-elves
13 soldier ants
11 fire ants
7 bugbears
5 lemures
3 quasits
4 wood nymphs
3 water nymphs
4 mountain nymphs
24 Mordor orcs
28 Uruk-hai
8 orc shamans
7 rock piercers
5 rock moles
5 ponies
4 fog clouds
9 yellow lights
4 shriekers
2 violet fungi
17 gnome leaders
8 gnomish wizards
4 kobold mummies
4 gray oozes
3 barrow wights
21 elf zombies
12 ghouls
4 straw golems
a paper golem
3 jellyfish
19 giant ants
4 little dogs
15 floating eyes
2 kittens
27 dwarves
a homunculus
2 kobold leaders
a kobold shaman
25 hill orcs
24 rothes
4 rabid rats
a centipede
4 giant bats
15 orc zombies
18 dwarf zombies
2 wererats
a werejackal
12 iguanas
37 killer bees
3 acid blobs
4 coyotes
4 gas spores
13 hobbits
34 manes
4 large kobolds
10 hobgoblins
3 orcs
12 giant rats
7 cave spiders
2 brown molds
5 yellow molds
a green mold
a red mold
69 gnomes
5 garter snakes
20 gnome zombies
13 geckos
11 jackals
6 foxes
2 kobolds
7 goblins
a sewer rat
17 grid bugs
a bat
7 lichens
12 kobold zombies
14 newts
1875 creatures vanquished.

Extinct species:

erinyes (extinct)
1 species extinct.

Voluntary challenges:

You read items or engraved 96 times.
You never engraved Elbereth.
You never genocided any monsters.
You never changed form.
You used 3 wishes.
You did not wish for any artifacts.
You did not violate any of the special Sokoban rules.

Achievements:

You attained the rank of Pillager.
You entered the Gnomish Mines.
You entered a shop.
You attained the rank of Bandit.
You entered the Big Room.
You entered Sokoban.
You completed Sokoban.
You attained the rank of Brigand.
You completed the Gnomish Mines.
You attained the rank of Raider.
You had the Bell of Opening.
You entered a temple.
You defeated Medusa.
You entered Gehennom.
You handled the Candelabrum of Invocation.
You handled the Book of the Dead.
You gained access to Moloch's Sanctum.
You reached the Elemental Planes.
You reached the Astral Plane.
You delivered the Amulet of Yendor.
You ascended!

The Elemental Planes:

   Astral Plane: <- You are here.
Some temples.
Plane of Water:
Plane of Fire:
Plane of Air:
Plane of Earth:

The Dungeons of Doom: levels 1 to 27

   Level 1:
An altar to Set.
One way stairs up to The Elemental Planes.
Level 2:
Level 3:
Stairs down to The Gnomish Mines.
Level 4:
An armor shop.
Level 5: "backup mithril in store"
An armor shop, a fountain.
Level 6: "% >"
Level 7:
Many fountains.
Oracle of Delphi.
Level 8:
A general store.
Stairs up to Sokoban, level 7.
Level 9:
Level 10:
A very big room.
Level 11:
Level 12:
Some graves.
Level 13: "backup holding _"
An altar to Set, a grave.
Level 14:
Portal to The Quest.
Level 15:
Level 16: "shopkeeper has $1000"
A general store.
Level 17:
A primitive area.
Level 18:
Level 19:
A grave.
Final resting place for
Cloudmillion-Mon-Hum-Mal-Neu, killed by a winter wolf cub, while frozen by a floating eye's gaze.
Level 20:
Level 21:
A temple, a sink.
Level 22:
Level 23:
Many graves.
Level 24:
Level 25:
A temple.
Level 26:
A fountain, many trees.
Level 27:
A fountain.
The castle.
Connection to Gehennom.

Gehennom: levels 28 to 51

   Level 28: "crap stash _"
A temple, many graves.
Valley of the Dead.
Level 29:
Level 30:
Level 31:
Level 32:
Level 33:
Level 34:
A fountain.
Level 35:
Level 36:
Level 37:
Level 38:
Some shops, an altar, many graves.
Stairs up to Vlad's Tower, level 37.
Level 39:
Level 40:
Level 41:
Level 42:
Level 43:
Level 44:
Level 45:
Level 46:
Level 47:
Level 48:
Level 49:
Level 50:
Level 51:
A temple, many graves.
Moloch's Sanctum.

The Gnomish Mines: levels 4 to 12

   Level 4: "sell stash >"
Level 5:
Level 6:
Level 7: "cleaver, sting 0"
An altar to Set, some fountains.
Level 8:
A grave.
Final resting place for
Gandelf-Mon-Hum-Mal-Neu, killed by Izchak; the shopkeeper.
Level 9:
Level 10:
Level 11:
Level 12:
A fountain.

The Quest: levels 1 to 5

   Level 1:
Many trees.
Completed quest for Pelias.
Level 2:
Level 3:
Level 4:
Level 5:
An altar to Set.

Sokoban: levels 7 up to 4

   Level 4:
Solved.
Level 5:
Solved.
Level 6:
Solved.
Level 7:
Solved.

Vlad's Tower: levels 37 up to 35

   Level 35:
Level 36:
Level 37:

Goodbye rustyspoon the Demigoddess...


You went to your reward with 1824120 points,
The Bell of Opening (worth 5000 zorkmids and 12500 points)
The Heart of Ahriman (worth 2500 zorkmids and 6250 points)
and 0 pieces of gold, after 40313 moves.
You were level 17 with a maximum of 467 hit points when you ascended.